 Dungeon Crawl Stone Soup version 0.17-a0-1393-gcb420ff (webtiles) character file.

175134 ololoev the Shatterer (level 18, -1/193 HPs)
             Began as an Ogre Hunter on June 16, 2015.
             Was a High Priest of Okawaru (penitent).
             Killed from afar by a fire giant (21 damage)
             ... with a fireball
             ... created by the fury of Okawaru
             ... on level 4 of the Spider Nest.
             The game lasted 01:50:25 (30320 turns).

ololoev the Shatterer (Ogre Hunter)                Turns: 30320, Time: 01:50:26

Health: -1/193     AC: 19    Str: 25    XL:     18   Next: 8%
Magic:  23/23      EV: 14    Int: 13    God:    Okawaru [*]
Gold:   372        SH:  0    Dex: 13    Spells: 1 memorised, 8 levels left

rFire  + . .     SeeInvis +     a - +1 giant spiked club
rCold  + . .     Clarity  .     t - +1 troll leather armour
rNeg   . . .     SustAt   .     (no shield)
rPois  .         Gourm    .     L - +1 hat {Int+3}
rElec  +         Spirit   .     o - +1 cloak of Conscience {+Blink rC+}
rCorr  .         Warding  .     (gloves unavailable)
rMut   .         Stasis   .     (boots unavailable)
MR     +....                    v - amulet of regeneration
Stlth  +.........               J - ring of Robustness {AC+8}
                                P - ring of protection from fire

@: very slightly contaminated, somewhat resistant to hostile enchantments, very
unstealthy
A: unfitting armour, see invisible, electricity resistance, tough skin 1
a: Renounce Religion, Evoke Blink


Innate Abilities, Weirdness & Mutations

You are too large for most types of armour.
You have tough skin (AC +1).
You have supernaturally acute eyesight.
You are resistant to electric shocks.

Inventory:

Hand weapons
 a - a +1 giant spiked club (weapon)
Missiles
 H - 24 large rocks (quivered)
Armour
 o - the +1 cloak of Conscience (worn) {+Blink rC+}
   (Okawaru gifted it to you on level 8 of the Lair of Beasts)

   It protects you from cold.
   It lets you blink.
 t - a +1 troll leather armour (worn)
 L - a +1 hat of intelligence (worn)
 V - the +5 scale mail "Aruletae" {MR++ Regen+, unknown}
   (You found it on level 10 of the Dungeon)

   It affects your resistance to hostile enchantments.
   It increases your rate of regeneration.
Rods
 b - a +3 rod of shadows (14/14)
   (You bought it in a shop on level 15 of the Dungeon)
Jewellery
 g - an uncursed ring of teleportation
 v - an amulet of regeneration (around neck)
 F - an uncursed ring of protection from magic
 J - the ring of Robustness (right hand) {AC+8}
   (You took it off a minotaur in a labyrinth)

   [ring of protection]

   It affects your AC (+8).
 P - a ring of protection from fire (left hand)
 W - a +4 ring of evasion
Magical devices
 q - a wand of invisibility (4)
 Q - a wand of digging (8)
 U - a wand of disintegration (16)
Scrolls
 c - 2 scrolls of summoning
 h - 11 scrolls of teleportation
 j - 8 scrolls of recharging
 l - 4 scrolls of magic mapping
 p - 12 scrolls of remove curse
 w - 3 scrolls of immolation
 z - a scroll of fog
 C - 4 scrolls of enchant weapon
 G - 4 scrolls of fear
 I - 3 scrolls of enchant armour
 M - 2 scrolls of blinking
Potions
 d - 4 potions of might
 f - a potion of berserk rage
 i - 4 potions of resistance
 m - a potion of cancellation
 r - 8 potions of curing
 s - 4 potions of flight
 A - a potion of haste
 B - a potion of cure mutation
 D - 5 potions of brilliance
Miscellaneous
 u - a disc of storms
 E - a fan of gales (inert)
 K - an ornate deck of defence {the Tomb}
 N - a lamp of fire (inert)
Comestibles
 e - 20 bread rations
 k - 15 slices of pizza
 n - 10 beef jerkies
 x - 10 meat rations
 y - 13 fruits


   Skills:
 - Level 15.0 Fighting
 * Level 23.7 Maces & Flails
 - Level 11.5 Throwing
 + Level 10.4 Armour
 + Level 10.1 Dodging
 - Level 0.7 Stealth
 * Level 7.4 Invocations
 + Level 6.4 Evocations


You had 8 spell levels left.
You knew the following spells:

 Your Spells              Type           Power        Failure   Level  Hunger
a - Tornado               Air            #.........   100%        9    #######


You were on level 4 of the Spider Nest.
You worshipped Okawaru.
Okawaru was demanding penance.
You were very hungry.

You visited 4 branches of the dungeon, and saw 28 of its levels.
You also visited: Labyrinth, Ossuary and Volcano.

You collected 2191 gold pieces.
You spent 1819 gold pieces at shops.

.#.#...#.....<...###
#..#....#..##....##
#......#......####
#.#.#..#....#.#
#....^........##
#...#.......#..##
#.........#...#.#
#......#Q......##
....#@§§...#.##
#.....§C###..##
#.#..#.#§§§..#
#...#..#§§§..##
#......#.§....#
#....#....#...#
#.#......###^##
#.^......###.# #
#..#...#.....# ##

Notes
Turn   | Place    | Note
--------------------------------------------------------------
     0 | D:1      | ololoev the Ogre Hunter began the quest for the Orb.
     0 | D:1      | Reached XP level 1. HP: 22/22 MP: 1/1
   268 | D:1      | Reached skill level 1 in Maces & Flails
   268 | D:1      | Reached XP level 2. HP: 15/29 MP: 2/2
   779 | D:1      | Reached XP level 3. HP: 32/36 MP: 3/3
  1620 | D:3      | Noticed Multipenetrator's ghost (average DsAK)
  1628 | D:3      | Killed Multipenetrator's ghost
  1628 | D:3      | Reached skill level 5 in Maces & Flails
  1628 | D:3      | Reached skill level 5 in Throwing
  1628 | D:3      | Reached XP level 4. HP: 44/44 MP: 4/4
  1628 | D:3      | Reached XP level 5. HP: 50/50 MP: 5/5
  1802 | D:3      | Found a stormy altar of Qazlal.
  2004 | D:3      | Reached skill level 6 in Maces & Flails
  2004 | D:3      | Reached XP level 6. HP: 54/59 MP: 6/6
  2324 | D:4      | Found Utzae's Antique Weapon Emporium.
  2340 | D:4      | Reached skill level 7 in Maces & Flails
  2397 | D:4      | Reached XP level 7. HP: 42/66 MP: 7/7
  2477 | D:4      | Found a shimmering altar of Xom.
  2507 | D:4      | Got a jewelled falchion
  2519 | D:4      | Identified the +5 falchion of Tus Gaan {drain, Str-5 Int+5} (You found it on level 4 of the Dungeon)
  2593 | D:4      | Reached skill level 8 in Maces & Flails
  3199 | D:5      | Entered Level 5 of the Dungeon
  3227 | D:5      | Found a sand-covered staircase.
  3232 | Ossuary  | Entered an ossuary
  3575 | D:5      | Reached skill level 9 in Maces & Flails
  3922 | D:5      | Reached XP level 8. HP: 71/74 MP: 8/8
  4441 | D:6      | Reached skill level 10 in Maces & Flails
  4772 | D:6      | Noticed Menkaure
  4777 | D:6      | Killed Menkaure
  5141 | D:6      | Found a shadowy altar of Dithmenos.
  5174 | D:6      | Reached skill level 11 in Maces & Flails
  5341 | D:7      | Reached XP level 9. HP: 85/87 MP: 9/9
  5348 | D:7      | Reached skill level 5 in Fighting
  5658 | D:7      | Noticed Xoff's ghost (experienced GrFi)
  5674 | D:7      | Killed Xoff's ghost
  5674 | D:7      | Reached skill level 12 in Maces & Flails
  5742 | D:7      | Found an ancient bone altar of Kikubaaqudgha.
  5751 | D:7      | Found a blossoming altar of Fedhas.
  5752 | D:7      | Found an opulent altar of Gozag.
  5830 | D:7      | Found a staircase to the Ecumenical Temple.
  5840 | Temple   | Entered the Ecumenical Temple
  6387 | D:7      | Gained mutation: You are resistant to electric shocks. [mutagenic meat]
  6388 | D:7      | Gained mutation: You have supernaturally acute eyesight. [mutagenic meat]
  6866 | D:8      | Noticed Psyche
  6875 | D:8      | Killed Psyche
  6875 | D:8      | Reached skill level 13 in Maces & Flails
  6875 | D:8      | Reached XP level 10. HP: 98/102 MP: 10/10
  6910 | D:8      | Noticed Erolcha
  7060 | D:8      | Noticed Giampli's ghost (experienced HOFi)
  7256 | D:8      | Killed Giampli's ghost
  7287 | D:8      | Killed Erolcha
  7553 | D:8      | Noticed Maurice
  7566 | D:8      | Killed Maurice
  7566 | D:8      | Reached skill level 14 in Maces & Flails
  7843 | D:9      | Noticed utis's ghost (powerful KoAr)
  7894 | D:9      | HP: 5/106 [wolf spider zombie (16)]
  8251 | D:9      | Reached skill level 10 in Throwing
  8419 | D:9      | Found a staircase to the Orcish Mines.
  8714 | D:9      | Reached XP level 11. HP: 115/115 MP: 11/11
  8761 | D:9      | Found an iron altar of Okawaru.
  8795 | D:9      | Reached skill level 15 in Maces & Flails
  8811 | D:10     | Entered Level 10 of the Dungeon
  8876 | D:10     | Noticed Grum
  8912 | D:10     | Killed Grum
  8981 | D:10     | Noticed a hill giant
  8989 | D:10     | Killed a hill giant
  9151 | D:10     | Got a slimy scale mail
  9352 | D:10     | Noticed a hill giant
  9362 | D:10     | Killed a hill giant
  9362 | D:10     | Reached skill level 10 in Fighting
  9882 | D:10     | Noticed a hill giant
  9903 | D:10     | Killed a hill giant
  9952 | D:9      | Became a worshipper of Warmaster Okawaru
 10283 | D:9      | Killed utis's ghost
 10554 | D:9      | Reached skill level 16 in Maces & Flails
 11012 | D:11     | Noticed bal's ghost (powerful VSMo)
 11442 | D:11     | Acquired Okawaru's first power
 11938 | D:11     | Found a staircase to the Lair.
 12308 | D:11     | Noticed a hill giant
 12317 | D:11     | Killed a hill giant
 12317 | D:11     | Reached XP level 12. HP: 92/130 MP: 12/12
 12670 | D:12     | Noticed Josephine
 12742 | Lair:1   | Entered Level 1 of the Lair of Beasts
 12779 | Lair:1   | Reached skill level 1 in Armour
 12889 | Lair:1   | Reached skill level 17 in Maces & Flails
 13723 | Lair:1   | Noticed a four-headed hydra
 13728 | Lair:1   | Killed a four-headed hydra
 14545 | Lair:2   | Reached skill level 5 in Armour
 14775 | Lair:2   | Received a gift from Okawaru
 15214 | Lair:3   | Reached XP level 13. HP: 129/141 MP: 13/13
 15246 | Lair:3   | Received a gift from Okawaru
 15252 | Lair:3   | Acquired Okawaru's second power
 16235 | Lair:4   | Learned a level 9 spell: Tornado
 16473 | Lair:4   | Reached skill level 18 in Maces & Flails
 16581 | Lair:4   | Received a gift from Okawaru
 17206 | Lair:5   | Received a gift from Okawaru
 17357 | Lair:5   | Received a gift from Okawaru
 17357 | Lair:5   | Reached skill level 5 in Dodging
 17512 | Lair:5   | Found a hole to the Spider Nest.
 17586 | Lair:5   | Reached skill level 19 in Maces & Flails
 17586 | Lair:5   | Reached XP level 14. HP: 129/153 MP: 14/14
 17975 | Lair:6   | Found a labyrinth entrance.
 17999 | Lab      | Entered a labyrinth
 18424 | Lab      | Got a flickering copper ring
 18424 | Lab      | Identified the Disquisition on Glamour (You found it in a labyrinth)
 18433 | Lab      | Identified the ring of the Hidden Eyes {Str+7 Int+2} (You found it in a labyrinth)
 18657 | Lair:6   | Found a staircase to the Shoals.
 18933 | Lair:6   | Found a staircase to the Slime Pits.
 19374 | Lair:7   | Reached skill level 20 in Maces & Flails
 19381 | Lair:7   | Reached XP level 15. HP: 162/162 MP: 15/15
 20101 | Lair:8   | Entered Level 8 of the Lair of Beasts
 20191 | Lair:8   | Received a gift from Okawaru
 20284 | Lair:8   | Received a gift from Okawaru
 20378 | Lair:8   | Found a dark tunnel.
 20388 | Volcano  | Entered a volcano
 20547 | Volcano  | Found a radiant altar of Vehumet.
 20724 | Lair:8   | Received a gift from Okawaru
 20734 | Lair:8   | Reached skill level 21 in Maces & Flails
 21116 | Lair:8   | Received a gift from Okawaru
 21124 | Lair:8   | Got a crude cloak {god gift}
 21135 | Lair:8   | Identified the +1 cloak of Conscience {+Blink rC+} (Okawaru gifted it to you on level 8 of the Lair of Beasts)
 21208 | Lair:8   | Identified the Tome of Hurtful Poisoning
 21317 | Lair:8   | Reached skill level 1 in Evocations
 21562 | Lair:8   | Reached skill level 15 in Fighting
 21704 | Lair:8   | Reached XP level 16. HP: 165/176 MP: 17/17
 22062 | D:12     | Killed Josephine
 23263 | D:13     | Noticed Maud
 23273 | D:13     | Killed Maud
 23492 | D:13     | Reached skill level 22 in Maces & Flails
 23634 | D:13     | Received a gift from Okawaru
 24074 | D:13     | Noticed Snorg
 24082 | D:13     | Killed Snorg
 24120 | D:13     | Found a gate to the Vaults.
 24846 | D:15     | Entered Level 15 of the Dungeon
 24846 | D:15     | Found Lotzoor's Gadget Shop.
 24895 | D:15     | Received a gift from Okawaru
 25002 | D:15     | Received a gift from Okawaru
 25238 | D:15     | Received a gift from Okawaru
 25315 | D:15     | Found a staircase to the Depths.
 25331 | D:15     | Reached skill level 1 in Invocations
 25331 | D:15     | Reached XP level 17. HP: 124/184 MP: 20/20
 25662 | D:15     | Bought a +3 rod of shadows (14/14) for 1819 gold pieces
 25771 | D:12     | Reached skill level 5 in Evocations
 26018 | Spider:1 | Entered Level 1 of the Spider Nest
 26034 | Spider:1 | Noticed Kirke
 26047 | Spider:1 | Killed Kirke
 26490 | Spider:1 | Noticed Rupert
 26491 | Spider:1 | Paralysed by Rupert for 5 turns
 26509 | Spider:1 | Noticed Donald
 26509 | Spider:1 | Killed Rupert
 26524 | Spider:1 | Killed Donald
 26524 | Spider:1 | Reached skill level 23 in Maces & Flails
 26794 | Spider:1 | Noticed Roxanne
 26808 | Spider:1 | Killed Roxanne
 26822 | Spider:1 | Identified Roxanne's Catalogue of Ashen Transformation (You took it off Roxanne on level 1 of the Spider Nest)
 27198 | Spider:1 | Reached skill level 10 in Armour
 28177 | Spider:3 | Reached skill level 5 in Invocations
 28193 | Spider:3 | Paralysed by a hornet for 4 turns
 28201 | Spider:3 | Received a gift from Okawaru
 28810 | Spider:4 | Entered Level 4 of the Spider Nest
 28868 | Spider:4 | Noticed Wiglaf
 28887 | Spider:4 | Killed Wiglaf
 29081 | Spider:4 | Noticed Jorgrun
 29087 | Spider:4 | Killed Jorgrun
 29433 | Spider:4 | Reached skill level 10 in Dodging
 29941 | Spider:4 | Reached XP level 18. HP: 92/193 MP: 23/23
 30115 | Spider:4 | Was placed under penance by Okawaru
 30320 | Spider:4 | Killed from afar by a fire giant

Dungeon Overview and Level Annotations

Branches:
Dungeon (15/15)            Temple (1/1) D:7            Lair (8/8) D:11
 Shoals (0/4) Lair:6       Spider (4/4) Lair:5        Slime (0/6) Lair:6
    Orc (0/4) D:9          Vaults (0/5) D:13         Depths (0/5) D:15

Altars:
Ashenzari
Cheibriados
Dithmenos
Elyvilon
Fedhas
Gozag
Kikubaaqudgha
Makhleb
Nemelex Xobeh
Okawaru
Qazlal
Ru
Sif Muna
Trog
Vehumet
Xom
Yredelemnul
Zin
The Shining One

Shops:
D:4 (   D:15 }

Annotations:
D:11 bal's ghost, powerful VSMo


Message History

The fire giant hits you but does no damage.
You perforate the fire giant like a sieve!!!
The fire giant is heavily wounded.
The deep elf master archer shoots an arrow.
The arrow hits you!!
The arrow disappears in a puff of smoke!
You sock the fire giant!
The fire giant is severely wounded.
The deep elf master archer shoots an arrow.
The arrow hits you but does no damage.
The arrow disappears in a puff of smoke!
The fire giant gestures at you while chanting.
The bolt of fire hits you! You resist.
Read which item? (? for menu, Esc to quit)
As you read the scroll of fog, it crumbles to dust.
The scroll dissolves into smoke.
The deep elf master archer shoots an arrow.
The arrow closely misses you.
The arrow disappears in a puff of smoke!
The fire giant hits you with a great sword of flaming!!
The fire giant burns you.
The deep elf master archer shoots an arrow.
The arrow hits you but does no damage.
The arrow disappears in a puff of smoke!
Drink which item? (? for menu, Esc to quit)
You feel much better.
The deep elf master archer shoots an arrow.
The arrow hits you!!
The arrow disappears in a puff of smoke!
The fire giant casts a spell at you. The bolt of fire misses you.
Read which item? (? for menu, Esc to quit)
Blink to where?
Press: ? - help, Dir - move target cursor You are very lightly contaminated with residual magic.
As you read the scroll of blinking, it crumbles to dust.
The tengu warrior shouts!
The fire giant gestures at you while chanting.
The fireball explodes!
The fireball engulfs you! You resist.
You die...

You could see a fire giant and a tengu warrior.

Vanquished Creatures
  Jorgrun (Spider:4)
  Rupert (Spider:1)
  Kirke (Spider:1)
  Roxanne (Spider:1)
  Wiglaf (Spider:4)
  Donald (Spider:1)
  Maud (D:13)
  3 emperor scorpions (Spider:4)
  2 ghost moths
  A caustic shrike skeleton (D:15)
  Snorg (D:13)
  4 vault guards (D:13)
  A minotaur (Lab)
  Josephine (D:12)
  An entropy weaver (Spider:4)
  Erolcha (D:8)
  19 death yaks
  A deep troll shaman (Lair:8)
  13 hydras
  4 centaur warriors
  2 catoblepae (Lair:8)
  An ogre mage (D:13)
  The ghost of utis the Pannier, a powerful KoAr of Nemelex Xobeh (D:9)
  The ghost of Giampli the Blocker, an experienced HOFi of Nemelex Xobeh (D:8)
  2 skeletal warriors (D:15)
  A fire crab (Lair:8)
  8 hill giants
  An unseen horror (D:13)
  The ghost of Xoff the Covered, an experienced GrFi of Dithmenos (D:7)
  3 wizards
  2 lindwurms (Lair:8)
  A wolf spider zombie (D:9)
  A phantasmal warrior (D:15)
  A necromancer (D:15)
  4 orb spiders
  3 griffons
  17 wolf spiders
  2 manticores
  A stone giant zombie (D:15)
  A fire giant zombie (D:15)
  3 orc knights
  4 elephants (Lair:8)
  7 hornets
  4 cyclopes
  3 black mambas
  A toenail golem (Volcano)
  10 ugly things
  A moth of wrath (Spider:1)
  A guardian serpent (shapeshifter) (D:13)
  Maurice (D:8)
  A siren (Lair:6)
  3 molten gargoyles
  2 torpor snails
  Psyche (D:8)
  A gargoyle (D:13)
  20 spiny frogs
  An efreet (Volcano)
  9 komodo dragons
  2 yaktaurs (D:13)
  3 fire drakes
  9 demonic crawlers
  A deep elf priest (D:13)
  A freezing wraith (D:13)
  2 merfolk (Lair:6)
  2 polar bears (Lair:8)
  7 trolls
  3 slime creatures (D:11)
  A fire vortex (Volcano)
  18 jumping spiders
  3 two-headed ogres
  29 blink frogs
  4 boulder beetles
  31 redbacks
  A human (D:11)
  21 trapdoor spiders
  35 yaks
  A vampire (D:13)
  An ettin skeleton (D:15)
  A deep elf mage (D:14)
  3 wraiths
  A basilisk (shapeshifter) (D:13)
  4 fire bats (Lair:1)
  A shadow (D:12)
  17 tarantellas
  4 hogs (Spider:1)
  12 hippogriffs
  A wyvern (D:15)
  2 fire elementals (Volcano)
  2 deep elf fighters (D:13)
  Grum (D:10)
  3 hungry ghosts
  Menkaure (D:6)
  27 wolves
  15 water moccasins
  2 basilisks
  A mottled dragon (D:11)
  9 porcupines
  6 orc warriors
  2 necrophages
  3 black bears
  16 spiders
  5 ice beasts
  3 sky beasts
  A wasp (D:12)
  The ghost of Multipenetrator the Skirmisher, an average DsAK of Lugonu (D:3)
  4 phantoms
  11 ogres
  17 centaurs
  2 big kobolds
  16 crocodiles
  An earth elemental (Volcano)
  10 scorpions
  14 giant frogs
  9 killer bees
  4 electric eels
  2 giant frog zombies
  6 hounds
  8 crimson imps
  A centaur zombie (D:12)
  3 jellies
  2 human zombies (Ossuary)
  12 iguanas
  9 orc wizards
  7 centaur skeletons
  2 giant frog skeletons
  9 orc priests
  11 sheep
  9 worker ants
  2 big kobold zombies (Ossuary)
  A giant frog simulacrum (D:13)
  2 hound zombies
  3 mummies (Ossuary)
  A worker ant zombie (D:11)
  9 adders
  3 gnolls (D:5)
  63 river rats
  2 shadow imps
  6 oozes
  3 worms
  3 giant geckos
  42 orcs
  11 bats
  A bat skeleton (D:5)
  A bat zombie (D:7)
  6 giant cockroaches
  9 hobgoblins
  3 jackals (D:4)
  3 quokkas
  2 ball pythons
  A giant cockroach zombie (D:6)
  5 giant newts
  A gnoll zombie (Ossuary)
  18 goblins
  A goblin zombie (Ossuary)
  A hobgoblin zombie (Ossuary)
  27 kobolds
  An orc zombie (Ossuary)
  21 rats
  A bush (Lair:8)
  A fungus (Lair:8)
  2 plants
930 creatures vanquished.

Vanquished Creatures (collateral kills)
  A manticore (D:13)
  A wolf spider (Spider:1)
  2 blink frogs (Lair:4)
  2 redbacks (Spider:2)
  3 spiders (Spider:1)
9 creatures vanquished.

Vanquished Creatures (others)
  A human (Spider:1)
  A wraith (D:12)
  An iguana (D:4)
  A river rat (Lair:8)
  An orc (D:4)
  3 fungi
  2 plants
10 creatures vanquished.

Grand Total: 949 creatures vanquished

Action                   |  1- 3 |  4- 6 |  7- 9 | 10-12 | 13-15 | 16-18 || total
-------------------------+-------+-------+-------+-------+-------+-------++-------
Melee: Club              |    73 |       |       |       |       |       ||    73
       Short sword       |     3 |       |       |       |       |       ||     3
       Flail             |    21 |    66 |   397 |   969 |   321 |       ||  1774
       Giant spiked club |       |       |       |    12 |   408 |   925 ||  1345
Throw: Javelin           |    17 |    27 |    85 |    58 |    76 |     1 ||   264
       Large rock        |     5 |     4 |    14 |    47 |    47 |   125 ||   242
       Throwing net      |       |       |     1 |     3 |       |       ||     4
       Tomahawk          |       |       |       |       |     1 |     3 ||     4
Invok: Heroism           |       |       |       |     2 |     5 |     9 ||    16
       Finesse           |       |       |       |       |       |     2 ||     2
Evoke: Lamp of fire      |       |       |       |       |     1 |     3 ||     4
       Wand              |       |       |       |       |     2 |     1 ||     3
       Rod               |       |       |       |       |       |    10 ||    10
       Fan of gales      |       |       |       |       |       |     1 ||     1
  Use: Scroll            |       |       |    21 |    16 |     9 |    13 ||    59
       Potion            |       |       |     2 |     6 |     1 |     8 ||    17
 Stab: Sleeping          |       |       |     2 |     2 |       |     1 ||     5
       Distracted        |       |       |     1 |       |       |       ||     1
       Held in net/web   |       |       |       |     4 |       |     1 ||     5
       Invisible         |       |       |       |       |       |     2 ||     2
  Eat: Chunk             |     2 |     3 |    12 |    28 |    18 |    29 ||    92
       Meat ration       |       |       |     1 |     1 |       |       ||     2
       Fruit             |       |       |       |    12 |     8 |    16 ||    36
       Pizza             |       |       |       |     1 |       |       ||     1
       Royal jelly       |       |       |       |       |     1 |       ||     1
       Bread ration      |       |       |       |       |       |     1 ||     1

Vault maps used:
D:1:      onia_arrival_pyramid
D:2:      minmay_crystal_room
D:3:      first_bread, mrwooster_statue_mirror, nicolae_qazlal_general_emergency
D:4:      serial_shops, shop, xom_confusion_cloud
D:5:      enter_ossuary_2, minmay_gold_behind_fungi
D:6:      kennysheep_little_box, uniq_menkaure
D:7:      minitemple, temple_statues
D:8:      uniq_maurice, uniq_erolcha, uniq_psyche
D:9:      nicolae_overflow_hidden_temple, orc_0_dummy
D:10:     uniq_grum
D:11:     lair_0_dummy, grunt_pizzeria, minmay_misc_feat_nine_boxes,
          glass_columns_a
D:12:     uniq_josephine
D:13:     minmay_swirls_squares, grunt_vaults_entry_fortified, uniq_snorg,
          uniq_maud
D:14:     minivault_26
D:15:     gammafunk_depths_entry_grave, serial_shops, shop, fountainhead
Temple:   water_room_temple_a_12
Lair:1:   nicolae_quartered_pool_medium, st_stairs_13
Lair:2:   infiniplex_staircase_pool
Lair:3:   lemuel_fruit_tree, grunt_megastairs_2, infiniplex_staircase_pool_2
Lair:4:   st_stairs_3, grunt_megastairs_4
Lair:5:   spider_nest_entry_rubble, serial_forest, infiniplex_forest_straight_4,
          infiniplex_forest_lined_room_2, infiniplex_forest_end_double,
          infiniplex_forest_lined_3, infiniplex_forest_clump_C,
          infiniplex_forest_end_1
Lair:6:   elwin_shoals_entry_rooms, nicolae_slime_entry_slimehenge,
          lab_entry_generic
Lair:7:   hangedman_lair_generics_rect, lemuel_fruit_fields,
          serial_bayou_shore_b
Lair:8:   grunt_lair_end_beastmaster, nicolae_volcano_entry_lava_flow
Spider:1: uniq_kirke, uniq_donald, uniq_roxanne, uniq_rupert
Spider:4: grunt_spider_rune_circles, uniq_jorgrun, uniq_wiglaf
Lab:      labyrinth_spiral
Ossuary:  ossuary_crypta
Volcano:  volcano_lake
